 Dungeon Crawl Stone Soup version 0.30-a0-465-g8901f6c8b5 (webtiles) character file.

Game seed: 15751405136164952927

58 purpskrrrp the Slasher (level 3, -1/29 HPs)
             Began as a Demonspawn Monk on Dec 19, 2022.
             Was a Believer of Nemelex Xobeh.
             Slain by an orc
             ... wielding a +0 mace
              (6 damage)
             ... on level 3 of the Dungeon.
             The game lasted 00:03:00 (1747 turns).

purpskrrrp the Slasher (Demonspawn Monk)            Turns: 1747, Time: 00:03:00

Health: -1/29      AC:  2    Str: 11    XL:     3   Next: 76%
Magic:  3/3        EV: 18    Int: 11    God:    Nemelex Xobeh [**....]
Gold:   101        SH:  0    Dex: 17    Spells: 2/2 levels left

rFire   . . .      SeeInvis .    a - +0 falchion
rCold   . . .      Faith    .    (no shield)
rNeg    . . .      Spirit   .    b - +0 robe
rPois   .          Reflect  .    (no helmet)
rElec   .          Harm     .    (no cloak)
rCorr   .          Rampage  .    (no gloves)
Will    +....                    (no boots)
Stlth   ++........               (no amulet)
HPRegen 0.24/turn                i - ring of willpower
MPRegen 0.08/turn                (no ring)

@: agile
A: claws 1, powered by pain 1
a: Renounce Religion, Draw Escape, Draw Destruction, Draw Summoning


You were on level 3 of the Dungeon.
You worshipped Nemelex Xobeh.
Nemelex Xobeh was pleased with you.
You visited 1 branch of the dungeon, and saw 3 of its levels.

You collected 101 gold pieces.

Inventory:

Hand Weapons
 a - a +0 falchion (weapon)
Armour
 b - a +0 robe (worn)
Jewellery
 i - a ring of willpower (left claw)
 l - the amulet of Dylaf {Reflect *Corrode rElec rPois SH+5}
   (You found it on level 2 of the Dungeon)

   [amulet of reflection]

   It reflects blocked missile attacks.
   rElec:     It insulates you from electricity.
   rPois:     It protects you from poison.
   *Corrode:  It may corrode you when you take damage.
   SH:        It affects your SH (+5).
Scrolls
 d - 3 scrolls of identify
 e - a scroll of poison
 g - 2 scrolls of teleportation {unknown}
 m - a scroll of enchant weapon {unknown}
 o - a scroll of blinking
Potions
 c - a potion of ambrosia
 f - a potion of cancellation {unknown}
 h - a potion of attraction {unknown}
 j - 2 potions of flight
 k - a potion of resistance {unknown}
 n - a potion of might {unknown}


   Skills:
 + Level 3.3 Fighting
 * Level 3.4 Long Blades
 + Level 3.1 Dodging
 + Level 2.3 Stealth
 * Level 0.1 Invocations


You had 2 spell levels left.
You didn't know any spells.
Your spell library was empty.

Dungeon Overview and Level Annotations

Branches:
Dungeon (3/15)

Altars:
Nemelex Xobeh


Innate Abilities, Weirdness & Mutations

You have sharp fingernails.
You sometimes gain a little power by taking damage.


Message History

No target in view!
No target in view!
No target in view!
No target in view!
No target in view!
No target in view!
No target in view!
No target in view!
No target in view!
No target in view!
No target in view!
No target in view!
d - 3 scrolls of identify (gained 1)
An orc comes into view. It is wielding a +0 hand axe.
An orc is nearby!
An orc is nearby!
An orc is nearby! 3 orcs come into view.
An orc comes into view. It is wielding a +0 mace.
The orc shouts! x3
You hear an angry hiss.
You hear a bark!
A jackal comes into view.
The orc closely misses you.
You closely miss the orc.
A jackal comes into view.
The orc hits you with a +0 hand axe. The orc barely misses you. x2
You barely miss the orc. The orc hits you with a +0 hand axe!
The orc closely misses you. The orc hits you with a +0 mace.
The orc shouts!
You hit the orc.
The orc is almost dead.
The orc closely misses you. The orc hits you with a +0 hand axe.
You focus on the pain.
You feel agile all of a sudden. The orc hits you with a +0 war axe.
The orc barely misses you. The orc hits you with a +0 hand axe.
* * * LOW HITPOINT WARNING * * *
The orc hits you with a +0 mace.
You die...
Your body glows slightly and disappears.

......... .....###
.....#########
.....#...#...#####
.................
###............###
##.............. #
#...........###.#.###
#............@oh..o..
#.#...#...##ooo.h....
#.##########.........
####.##### ##........
.........# #........
.........# #........
.........# #........
..<......# #........
.........#


You could see 5 orcs and 2 jackals.

Vanquished Creatures
  3 dart slugs
  4 ball pythons
  5 endoplasms
  3 giant cockroaches
  7 goblins
  4 hobgoblins (D:1)
  4 jackals (D:2)
  A kobold (D:1)
  A quokka (D:1)
  7 bats
  3 frilled lizards
  4 rats
46 creatures vanquished.

Notes
Turn   | Place    | Note
-------+----------+-------------------------------------------
     0 | D:1      | purpskrrrp the Demonspawn Monk began the quest for the Orb.
     0 | D:1      | Reached XP level 1. HP: 18/18 MP: 1/1
   217 | D:1      | Gained mutation: You have sharp fingernails. [demonic
                  | ancestry]
   217 | D:1      | Reached XP level 2. HP: 24/24 MP: 2/2
   501 | D:1      | Gained mutation: You sometimes gain a little power by
                  | taking damage. [demonic ancestry]
   501 | D:1      | Reached XP level 3. HP: 29/29 MP: 3/3
  1365 | D:2      | Identified the amulet of Dylaf {Reflect *Corrode rElec
                  | rPois SH+5}
  1441 | D:2      | Found a sparkling altar of Nemelex Xobeh.
  1625 | D:2      | Became a worshipper of Nemelex Xobeh the Trickster
  1625 | D:2      | Reached * piety under Nemelex Xobeh
  1625 | D:2      | Received a gift from Nemelex Xobeh
  1625 | D:2      | Reached ** piety under Nemelex Xobeh
  1747 | D:3      | Slain by an orc

Illustrated notes

Levels and vault maps discovered:
D:1:      sevenhm_arrival_forest_fort_small_5, layout_basic, minmay_tripent
D:2:      layout_loops_cross, basic_altar, eino_tiny_chamber, st_stairs_3
D:3:      layout_rooms

Skill      XL: |  1  2  3 |
---------------+----------+-----
Stealth        | 2 |  2.3
Long Blades    | 3 |  3.4
Dodging        | 3 |  3.1
Fighting       | |  3.3
Invocations    | |  0.1

Action                   || total
-------------------------++-------
Melee: Falchion          ||   124
       Punch             ||     1
  Use: Scroll            ||     6
 Stab: Sleeping          ||     8
Armor: Robe              ||    30
Dodge: Dodged            ||   115

Table legend: (Time is in decaauts)
 A = Elapsed time spent in this place.
 B = Non-inter-level travel time spent in this place.
 C = Inter-level travel time spent in this place.
 D = Time resting spent in this place.
 E = Time spent auto-exploring this place.
 F = Levels seen in this place.
 G = Mean time per level.
                   A        B        C        D        E       F      G
               +--------+--------+--------+--------+--------+-----+--------+
         Total |   1775 |   1607 |    168 |    100 |   1147 |   3 |  591.7 |
       Dungeon |   1775 |   1607 |    168 |    100 |   1147 |   3 |  591.7 |
               +--------+--------+--------+--------+--------+-----+--------+

Top non-repeatable levels by time:
     D:1: 978 daAuts
     D:2: 733 daAuts
     D:3: 63 daAuts
